[Event "ICCopen2017"]
[Site "Internet Chess Club"]
[Date "2017.03.25"]
[Round "5"]
[White "Fight-Chess"]
[Black "Spirals"]
[Result "0-1"]
[ICCResult "White resigns"]
[WhiteElo "1721"]
[BlackElo "2192"]
[Opening "Sicilian: Najdorf, 7...Be7 main line"]
[ECO "B99"]
[NIC "SI.06"]
[Time "14:57:57"]
[TimeControl "180+0"]

1. e4 c5 2. Nf3 d6 3. d4 cxd4 4. Nxd4 Nf6 5. Nc3 a6 6. Bg5 Nbd7 7. f4 e6 8.
Qf3 Qc7 9. O-O-O Be7 10. Bd3 h6 11. Bh4 g5 12. fxg5 Ne5 13. Qe2 Nfg4 14. h3
hxg5 15. Bg3 Nf6 16. Nf3 Nh5 17. Bh2 Bd7 18. Rhf1 Nf4 19. Bxf4 gxf4 20. Nb1
O-O-O 21. Nbd2 Kb8 22. Nc4 Nxd3+ 23. Qxd3 e5 24. Qb3 Be6 25. Rd5 Bxd5 26.
exd5 Rc8 27. Nb6 Rcd8 28. Rd1 Bf6 29. Nd2 Rhg8 30. Ne4 Bg5 31. Kb1 f3 32.
gxf3 Bf4 33. Nc4 Rg2 34. Qb4 Ka7 35. Nexd6 b5 36. Na5 Qxc2+ {White resigns}
0-1

[Event "ICCopen2017"]
[Site "Internet Chess Club"]
[Date "2017.03.25"]
[Round "6"]
[White "Boing777"]
[Black "RnZ"]
[Result "1-0"]
[ICCResult "Black resigns"]
[WhiteElo "2444"]
[BlackElo "2015"]
[Opening "Queen's pawn, Mason variation"]
[ECO "D00"]
[NIC "QP.08"]
[Time "15:05:46"]
[TimeControl "180+0"]

1. d4 d5 2. Bf4 e6 3. e3 Bd6 4. Bg3 f5 5. Nf3 Nf6 6. Nbd2 O-O 7. Bd3 Bd7 8.
c4 c6 9. Bxd6 Re8 10. Qc2 Ne4 11. Be5 {Black resigns} 1-0

[Event "ICCopen2017"]
[Site "Internet Chess Club"]
[Date "2017.03.25"]
[Round "6"]
[White "MrsPiggy"]
[Black "Nakia"]
[Result "0-1"]
[ICCResult "White resigns"]
[WhiteElo "1344"]
[BlackElo "1740"]
[Opening "Queen's pawn game"]
[ECO "D00"]
[NIC "QP.08"]
[Time "15:05:18"]
[TimeControl "180+0"]

1. d4 d5 2. e3 e6 3. c4 c6 4. Nf3 Bd6 5. Be2 Nd7 6. O-O Ngf6 7. b3 O-O 8.
Bb2 Re8 9. Nc3 e5 10. dxe5 Nxe5 11. Nxe5 Bxe5 12. Qc1 Bg4 13. Bxg4 Nxg4 14.
cxd5 Bxh2+ 15. Kh1 Qh4 {White resigns} 0-1

[Event "ICCopen2017"]
[Site "Internet Chess Club"]
[Date "2017.03.25"]
[Round "6"]
[White "LeonieHelm"]
[Black "Zif"]
[Result "1-0"]
[ICCResult "Black resigns"]
[WhiteElo "1617"]
[BlackElo "1249"]
[Opening "Sicilian: Alapin's variation (2.c3)"]
[ECO "B22"]
[NIC "SI.46"]
[Time "15:05:53"]
[TimeControl "180+0"]

1. e4 c5 2. c3 d6 3. d4 cxd4 4. cxd4 Nc6 5. Nc3 a6 6. f4 e5 7. Nf3 exd4 8.
Nxd4 Nf6 9. Bc4 Be7 10. O-O O-O 11. h3 Nxd4 12. Qxd4 b5 13. Bb3 Bb7 14. e5
dxe5 15. Qxe5 Qb6+ 16. Be3 Qc7 17. Qxc7 {Black resigns} 1-0

[Event "ICCopen2017"]
[Site "Internet Chess Club"]
[Date "2017.03.25"]
[Round "6"]
[White "schakeri"]
[Black "Cool-Defender"]
[Result "1-0"]
[ICCResult "Black resigns"]
[WhiteElo "1796"]
[BlackElo "1572"]
[Opening "English opening"]
[ECO "A10"]
[NIC "EO.64"]
[Time "15:05:33"]
[TimeControl "180+0"]

1. c4 d6 2. Nc3 Nf6 3. g3 c6 4. Bg2 Nbd7 5. e3 e5 6. Nge2 Be7 7. O-O O-O 8.
d4 exd4 9. Nxd4 a6 10. Nf5 Re8 11. Nxd6 Bxd6 12. Qxd6 Ne5 13. Qxd8 Rxd8 14.
b3 Nd3 15. Ba3 Bf5 16. Be7 Rd7 17. Bxf6 gxf6 18. e4 Be6 19. f4 Nb4 20. f5
Rd3 21. Na4 Bc8 22. Nb6 Rb8 23. Rad1 Bd7 24. Rxd3 Nxd3 25. Nxd7 {Black
resigns} 1-0

[Event "ICCopen2017"]
[Site "Internet Chess Club"]
[Date "2017.03.25"]
[Round "6"]
[White "Mormegil"]
[Black "Navid007"]
[Result "0-1"]
[ICCResult "White resigns"]
[WhiteElo "1734"]
[BlackElo "1954"]
[Opening "Réti opening"]
[ECO "A30"]
[NIC "QP.10"]
[Time "15:05:17"]
[TimeControl "180+0"]

1. Nf3 c5 2. c4 Nc6 3. d4 cxd4 4. Nxd4 e5 5. Nb5 d6 6. N1c3 a6 7. Na3 Be6 8.
e3 Rc8 9. Be2 Be7 10. O-O f5 11. b3 Nf6 12. Nc2 O-O 13. Bf3 b5 14. Bd5 Bxd5
15. Nxd5 bxc4 16. Nxf6+ Bxf6 17. Qd5+ Kh8 18. bxc4 Ne7 19. Qd3 e4 20. Qb3
Bxa1 21. Ba3 Be5 22. f4 exf3 23. Rxf3 Nc6 24. Ne1 Na5 25. Qa4 Rxc4
{White resigns}
0-1

[Event "ICCopen2017"]
[Site "Internet Chess Club"]
[Date "2017.03.25"]
[Round "6"]
[White "CristianS"]
[Black "BeerMeUpScotty"]
[Result "1-0"]
[ICCResult "Black resigns"]
[WhiteElo "2141"]
[BlackElo "1569"]
[Opening "Colle system"]
[ECO "D05"]
[NIC "QP.06"]
[Time "15:06:46"]
[TimeControl "180+0"]

1. d4 Nf6 2. Nf3 e6 3. e3 d5 4. Bd3 c5 5. c3 Nc6 6. Nbd2 Bd6 7. O-O O-O 8.
Re1 Re8 9. e4 dxe4 10. Nxe4 Nxe4 11. Bxe4 f5 12. Bg5 Qb6 13. Bxf5
{Black resigns}
1-0

[Event "ICCopen2017"]
[Site "Internet Chess Club"]
[Date "2017.03.25"]
[Round "6"]
[White "DEHO"]
[Black "Nfurter"]
[Result "1-0"]
[ICCResult "Black checkmated"]
[WhiteElo "2032"]
[BlackElo "1738"]
[Opening "Philidor: Improved Hanham variation"]
[ECO "B07"]
[NIC "PU.08"]
[Time "15:05:31"]
[TimeControl "180+0"]

1. d4 d6 2. e4 Nf6 3. Nc3 Nbd7 4. Nf3 e5 5. g3 Be7 6. Bg2 O-O 7. O-O c6 8.
a4 b6 9. b3 Bb7 10. Bb2 Qc7 11. Qd2 a6 12. Rfe1 Rfe8 13. Rad1 Rac8 14. Nh4
Bf8 15. Nf5 b5 16. Qg5 Kh8 17. Re2 b4 18. Nb1 c5 19. dxe5 dxe5 20. Nd2 Nb6
21. a5 Nbd7 22. Nc4 Re6 23. f3 Bc6 24. Red2 Bb5 25. Bf1 Rce8 26. Ncd6 Bxd6
27. Qxg7# {Black checkmated} 1-0

[Event "ICCopen2017"]
[Site "Internet Chess Club"]
[Date "2017.03.25"]
[Round "6"]
[White "Norgeman"]
[Black "hedgie"]
[Result "0-1"]
[ICCResult "White checkmated"]
[WhiteElo "1518"]
[BlackElo "1875"]
[Opening "Old Benoni defense"]
[ECO "A43"]
[NIC "OI.09"]
[Time "15:06:45"]
[TimeControl "180+0"]

1. d4 c5 2. c3 e6 3. e3 Nf6 4. Nf3 b6 5. a4 Bb7 6. dxc5 bxc5 7. a5 d5 8. a6
Bc6 9. Ne5 Bd6 10. Nxc6 Nxc6 11. Na3 O-O 12. Nb5 Bb8 13. Be2 e5 14. O-O e4
15. Bd2 Ne5 16. f3 c4 17. fxe4 dxe4 18. Nd4 Nd3 19. b4 Qd6 20. Be1 Qxh2#
{White checkmated}
0-1

[Event "ICCopen2017"]
[Site "Internet Chess Club"]
[Date "2017.03.25"]
[Round "6"]
[White "Persi"]
[Black "dani123xx"]
[Result "0-1"]
[ICCResult "White resigns"]
[WhiteElo "1202"]
[BlackElo "1518"]
[Opening "Sicilian, Chekhover variation"]
[ECO "B53"]
[NIC "SI.02"]
[Time "15:06:07"]
[TimeControl "180+0"]

1. e4 c5 2. Nf3 d6 3. d4 cxd4 4. Qxd4 a6 5. c4 Nc6 6. Qe3 Nf6 7. Bd3 e6 8.
O-O Be7 9. Nc3 O-O 10. e5 Ng4 11. Qf4 Ngxe5 12. Nxe5 dxe5 13. Qe4 f5 14. Qe2
e4 15. Bc2 Nd4 16. Qe3 Nxc2 {White resigns} 0-1

[Event "ICCopen2017"]
[Site "Internet Chess Club"]
[Date "2017.03.25"]
[Round "6"]
[White "flashlight"]
[Black "grels"]
[Result "1-0"]
[ICCResult "Black resigns"]
[WhiteElo "2059"]
[BlackElo "1731"]
[Opening "Levitsky attack (Queen's bishop attack)"]
[ECO "D00"]
[NIC "QP.08"]
[Time "15:05:13"]
[TimeControl "180+0"]

1. d4 d5 2. Bg5 Nd7 3. c4 c6 4. cxd5 cxd5 5. Nc3 Ngf6 6. e3 g6 7. Bd3 Bg7 8.
Nf3 O-O 9. O-O Qb6 10. Qe2 e6 11. a3 a5 12. Rac1 a4 13. Bb5 Qa5 14. Bxa4 Ne4
15. Bb5 Nxc3 16. Rxc3 f6 17. Bf4 Qb6 18. Rxc8 Rfxc8 19. Bxd7 Rc4 20. b3 Qxb3
21. Bxe6+ Kh8 22. Bxd5 Qc2 23. Qxc4 Qb2 24. a4 h5 25. Bxb7 Rb8 26. Bxb8
{Black resigns}
1-0

[Event "ICCopen2017"]
[Site "Internet Chess Club"]
[Date "2017.03.25"]
[Round "6"]
[White "ALexiz"]
[Black "Chamanx"]
[Result "0-1"]
[ICCResult "White checkmated"]
[WhiteElo "1606"]
[BlackElo "1474"]
[Opening "Pirc: classical, h3 system"]
[ECO "B07"]
[NIC "PU.07"]
[Time "15:06:06"]
[TimeControl "180+0"]

1. d4 Nf6 2. Nc3 g6 3. e4 d6 4. h3 Bg7 5. Nf3 O-O 6. Be2 Nbd7 7. Be3 e5 8.
O-O Re8 9. dxe5 Nxe5 10. Nxe5 Rxe5 11. f3 Rh5 12. f4 Rh4 13. Qe1 Nh5 14. f5
d5 15. fxg6 hxg6 16. exd5 Bxc3 17. bxc3 Bxh3 18. Bxh5 Rxh5 19. gxh3 Rxh3 20.
Bd4 Qxd5 21. Rf2 Rh1# {White checkmated} 0-1

[Event "ICCopen2017"]
[Site "Internet Chess Club"]
[Date "2017.03.25"]
[Round "6"]
[White "GrandPatzer5"]
[Black "ucanresign"]
[Result "1-0"]
[ICCResult "Black resigns"]
[WhiteElo "1931"]
[BlackElo "1615"]
[Opening "Dunst (Sleipner, Heinrichsen) opening"]
[ECO "A00"]
[NIC "VO.15"]
[Time "15:07:10"]
[TimeControl "180+0"]

1. Nc3 d5 2. e4 c6 3. Qe2 dxe4 4. Nxe4 Bf5 5. Nf3 Bxe4 6. Qxe4 e6 7. d4 Nf6
8. Qh4 Be7 9. Bd3 Nd5 10. Qg3 Bf6 11. c3 g6 12. Bh6 Nd7 13. O-O Rg8 14. a3
Qe7 15. c4 Nc7 16. Qxc7 {Black resigns} 1-0

[Event "ICCopen2017"]
[Site "Internet Chess Club"]
[Date "2017.03.25"]
[Round "6"]
[White "stin"]
[Black "cap78red2point1"]
[Result "1-0"]
[ICCResult "Black checkmated"]
[WhiteElo "1911"]
[BlackElo "1585"]
[Opening "Scandinavian (center counter) defense"]
[ECO "B01"]
[NIC "VO.17"]
[Time "15:05:13"]
[TimeControl "180+0"]

1. e4 d5 2. exd5 c6 3. dxc6 Nxc6 4. d3 Nf6 5. Nc3 e6 6. Nf3 Bd6 7. Bg5 h6 8.
Bh4 g5 9. Bg3 Bxg3 10. hxg3 Bd7 11. Be2 Ng4 12. Nd2 Nge5 13. Bf3 Qb6 14. Nb3
O-O-O 15. Qe2 f5 16. Bh5 Rhf8 17. O-O-O Kb8 18. d4 Nf7 19. Bxf7 Rxf7 20.
Rxh6 f4 21. g4 Nb4 22. f3 Rc8 23. Kb1 Rc6 24. d5 exd5 25. Rxc6 Bxc6 26. Qe5+
Ka8 27. Qh8+ Rf8 28. Qxf8+ Be8 29. Qxe8+ Qd8 30. Qxd8# {Black checkmated}
1-0

[Event "ICCopen2017"]
[Site "Internet Chess Club"]
[Date "2017.03.25"]
[Round "6"]
[White "jefferyx"]
[Black "topotun"]
[Result "1-0"]
[ICCResult "Black resigns"]
[WhiteElo "2750"]
[BlackElo "2874"]
[Opening "Queen's pawn: London system"]
[ECO "A45"]
[NIC "QP.07"]
[Time "15:05:29"]
[TimeControl "180+0"]

1. d4 Nf6 2. Bf4 g6 3. Nc3 d6 4. e4 Bg7 5. Qd2 c6 6. a4 O-O 7. Bd3 Nbd7 8.
Bh6 e5 9. Bxg7 Kxg7 10. Nf3 exd4 11. Nxd4 d5 12. exd5 Nb6 13. O-O Nbxd5 14.
Nxd5 Nxd5 15. Bc4 Nf6 16. Rad1 Qb6 17. Qc3 a5 18. Rfe1 Qc5 19. b3 Kg8 20.
Bxf7+ {Black resigns} 1-0

[Event "ICCopen2017"]
[Site "Internet Chess Club"]
[Date "2017.03.25"]
[Round "6"]
[White "Unico"]
[Black "DarthVadar"]
[Result "1-0"]
[ICCResult "Black resigns"]
[WhiteElo "2493"]
[BlackElo "1818"]
[Opening "English opening"]
[ECO "A10"]
[NIC "EO.22"]
[Time "15:05:34"]
[TimeControl "180+0"]

1. c4 d6 2. Nc3 e5 3. g3 Nd7 4. Bg2 Ngf6 5. e3 Be7 6. Nge2 O-O 7. O-O c6 8.
d4 Qc7 9. b3 Re8 10. Ba3 Nf8 11. Qc2 Ng6 12. Rad1 a5 13. Rd2 Bg4 14. h3 Bxe2
15. Rxe2 Rad8 16. Rd1 d5 17. Bxe7 Qxe7 18. cxd5 cxd5 19. dxe5 Nxe5 20. Red2
Qc5 21. Nxd5 Qxc2 22. Rxc2 Nxd5 23. Rxd5 b6 24. f4 Nd3 25. Rxd8 Rxd8 26. Rd2
Rd7 27. Bc6 {Black resigns} 1-0

[Event "ICCopen2017"]
[Site "Internet Chess Club"]
[Date "2017.03.25"]
[Round "6"]
[White "alexander77"]
[Black "WhiteMoon"]
[Result "0-1"]
[ICCResult "White resigns"]
[WhiteElo "1766"]
[BlackElo "2019"]
[Opening "Vienna game"]
[ECO "C26"]
[NIC "VG.02"]
[Time "15:05:59"]
[TimeControl "180+0"]

1. e4 e5 2. Nc3 Nf6 3. Bc4 Bc5 4. d3 O-O 5. Be3 Bb6 6. Nge2 c6 7. Bb3 d5 8.
exd5 cxd5 9. d4 Nc6 10. Qd2 exd4 11. Nxd4 Nxd4 12. Bxd4 Re8+ 13. Kf1 Be6 14.
Re1 Rc8 15. f3 a6 16. Kf2 Ba5 17. Rhf1 h6 18. Kg1 b5 19. Kh1 Nh7 20. Re2 Nf8
21. Rfe1 Qd7 22. Qf4 Bc7 23. Be5 Bxe5 24. Qxe5 d4 25. Ne4 Bxb3 26. axb3 Rxe5
27. Nf6+ gxf6 28. Rxe5 fxe5 {White resigns} 0-1

[Event "ICCopen2017"]
[Site "Internet Chess Club"]
[Date "2017.03.25"]
[Round "6"]
[White "weakfish"]
[Black "audipudy"]
[Result "0-1"]
[ICCResult "White resigns"]
[WhiteElo "1286"]
[BlackElo "1580"]
[Opening "Owen defense"]
[ECO "B00"]
[NIC "VO.01"]
[Time "15:05:13"]
[TimeControl "180+0"]

1. e4 b6 2. d4 Bb7 3. Nc3 e6 4. Nf3 Bb4 5. Bd3 Nf6 6. e5 Ne4 7. Bd2 Nxd2 8.
Qxd2 O-O 9. a3 Be7 10. Be4 Bxe4 11. Nxe4 f5 12. exf6 Bxf6 13. Nxf6+ Qxf6 14.
O-O-O Nc6 15. c3 Qf4 16. Qxf4 Rxf4 17. Rhf1 Raf8 18. Rd2 Na5 19. Ne5 Nb3+
20. Kc2 Nxd2 21. Kxd2 Rxf2+ 22. Rxf2 Rxf2+ 23. Ke3 Rxb2 24. Nxd7 Rxg2 25.
Nb8 Rxh2 26. Nc6 a5 27. Nd8 Rh3+ 28. Kd2 Rh6 29. Ke3 g5 30. c4 Rg6 31. a4 h5
32. Ke4 g4 33. Kf4 g3 {White resigns} 0-1

[Event "ICCopen2017"]
[Site "Internet Chess Club"]
[Date "2017.03.25"]
[Round "6"]
[White "justinchess"]
[Black "Siryk"]
[Result "0-1"]
[ICCResult "White resigns"]
[WhiteElo "2277"]
[BlackElo "2989"]
[Opening "King's Indian: Makagonov system (5.h3)"]
[ECO "E71"]
[NIC "KI.30"]
[Time "15:06:37"]
[TimeControl "180+0"]

1. d4 Nf6 2. c4 g6 3. Nc3 Bg7 4. e4 d6 5. h3 O-O 6. Bg5 c5 7. d5 e6 8. Bd3
exd5 9. cxd5 h6 10. Be3 b6 11. a4 Na6 12. Nf3 Nb4 13. Bb1 Ba6 14. Nd2 Nd7
15. Ra3 Qe7 16. f3 f5 17. exf5 Qxe3+ {White resigns} 0-1

[Event "ICCopen2017"]
[Site "Internet Chess Club"]
[Date "2017.03.25"]
[Round "6"]
[White "PazificDreams"]
[Black "Brothersinarms"]
[Result "1-0"]
[ICCResult "Black resigns"]
[WhiteElo "2646"]
[BlackElo "1835"]
[Opening "Queen's pawn: Charlick (Englund) gambit"]
[ECO "A40"]
[NIC "QO.17"]
[Time "15:06:35"]
[TimeControl "180+0"]

1. d4 e5 2. dxe5 d6 3. Nf3 Bg4 4. Bg5 Qd7 5. exd6 Bxd6 6. Nc3 Ne7 7. Qd2 O-O
8. e3 Nbc6 9. Be2 a6 10. Ne4 Rad8 11. Nxd6 Qe6 12. Bf4 cxd6 13. O-O Nf5 14.
Ng5 Qg6 15. Bxg4 h6 16. Bxf5 Qxf5 17. Nf3 {Black resigns} 1-0

[Event "ICCopen2017"]
[Site "Internet Chess Club"]
[Date "2017.03.25"]
[Round "6"]
[White "nmd"]
[Black "thxgg"]
[Result "1-0"]
[ICCResult "Black resigns"]
[WhiteElo "1560"]
[BlackElo "1812"]
[Opening "French: advance, Paulsen attack"]
[ECO "C02"]
[NIC "FR.03"]
[Time "15:05:12"]
[TimeControl "180+0"]

1. e4 e6 2. d4 d5 3. e5 c5 4. c3 Nc6 5. Nf3 Qb6 6. a3 Nh6 7. b4 cxd4 8. cxd4
Nf5 9. Bb2 f6 10. g4 Nh6 11. g5 fxg5 12. Nxg5 Nf5 13. Bh3 g6 14. Bxf5 exf5
15. f4 Be7 16. Nf3 Be6 17. O-O O-O-O 18. Kh1 h6 19. Qd3 g5 20. Nbd2 g4 21.
Ne1 h5 22. Nb3 h4 23. Nc2 h3 24. Bc3 Rdg8 25. Rg1 Bh4 26. Nc5 Ne7 27. b5 Ng6
28. Bd2 Ne7 29. a4 Bd7 30. Nb4 Kb8 31. Nxd7+ Ka8 32. Nxb6+ axb6 33. a5 Kb8
34. axb6 {Black resigns} 1-0

[Event "ICCopen2017"]
[Site "Internet Chess Club"]
[Date "2017.03.25"]
[Round "6"]
[White "Lavrik87"]
[Black "Zelos"]
[Result "1-0"]
[ICCResult "Black resigns"]
[WhiteElo "2105"]
[BlackElo "2409"]
[Opening "Réti: King's Indian attack (Barcza system)"]
[ECO "A07"]
[NIC "VO.09"]
[Time "15:05:43"]
[TimeControl "180+0"]

1. g3 d5 2. Nf3 Nf6 3. Bg2 c6 4. O-O Bf5 5. d3 h6 6. c4 e6 7. cxd5 exd5 8.
Nc3 Nbd7 9. e4 dxe4 10. dxe4 Be6 11. Nd4 Bc4 12. Re1 Bc5 13. e5 O-O 14. exf6
Qxf6 15. Be3 Rad8 16. Ne4 Qg6 17. Nxc5 Nxc5 18. Qc1 b5 19. Nxc6 Nd3 20. Ne7+
Kh7 21. Nxg6 Nxc1 22. Nxf8+ Rxf8 23. Raxc1 Bxa2 24. Bxa7 Rd8 25. Red1 Re8
26. Be3 Bb3 27. Rd7 Be6 28. Rb7 Bc4 29. Bc6 Rd8 30. Bxb5 Be6 31. Be2 g6 32.
h4 h5 33. Rbc7 Rb8 34. R1c2 Ra8 35. Kg2 Bf5 36. Rd2 Be6 37. Bf3 Rb8 38. Bd4
Rd8 39. Bc3 Rb8 40. Rd6 Kg8 41. Rxe6 fxe6 42. Rg7+ Kf8 43. Rxg6 Ke7 44. Bxh5
Kd6 45. Bf3 Rf8 46. h5 Ke7 47. h6 Rg8 48. Rxg8 {Black resigns} 1-0

[Event "ICCopen2017"]
[Site "Internet Chess Club"]
[Date "2017.03.25"]
[Round "6"]
[White "Piranha"]
[Black "searchforbobby1"]
[Result "0-1"]
[ICCResult "White resigns"]
[WhiteElo "1663"]
[BlackElo "1893"]
[Opening "Sicilian: Pelikan, Bird variation"]
[ECO "B33"]
[NIC "SI.36"]
[Time "15:06:42"]
[TimeControl "180+0"]

1. e4 c5 2. Nf3 Nc6 3. d4 cxd4 4. Nxd4 Nf6 5. Nc3 e5 6. Ndb5 d6 7. Bg5 a6 8.
Na3 Be6 9. Nc4 Rc8 10. Ne3 Be7 11. Bxf6 Bxf6 12. Ncd5 Bg5 13. c3 O-O 14. h4
Bh6 15. Qh5 Ne7 16. g4 Nxd5 17. exd5 Bxe3 18. dxe6 g6 {White resigns} 0-1

[Event "ICCopen2017"]
[Site "Internet Chess Club"]
[Date "2017.03.25"]
[Round "6"]
[White "blackjack721"]
[Black "kutittaja"]
[Result "0-1"]
[ICCResult "White checkmated"]
[WhiteElo "1325"]
[BlackElo "1696"]
[Opening "Caro-Kann defense"]
[ECO "B10"]
[NIC "CK.01"]
[Time "15:05:17"]
[TimeControl "180+0"]

1. e4 c6 2. c3 d5 3. e5 Bf5 4. Be2 e6 5. a4 Nd7 6. Na3 Nxe5 7. d4 Nd7 8. h4
h6 9. g4 Bh7 10. f4 Ngf6 11. g5 Ne4 12. Nh3 Bxa3 13. Rxa3 c5 14. Bc4 dxc4
15. Qe2 Nd6 16. dxc5 Nxc5 17. O-O Bd3 18. Qh5 Bxf1 19. Kxf1 Nf5 20. b4 Ng3+
21. Kg2 Nxh5 22. bxc5 hxg5 23. Nxg5 Qd5+ 24. Kh3 Qxc5 25. a5 Nxf4+ 26. Kg4
Qf5+ 27. Kf3 Nd3+ 28. Ke2 Nxc1+ 29. Ke3 Rd8 30. Ra4 Rd3# {White checkmated}
0-1

[Event "ICCopen2017"]
[Site "Internet Chess Club"]
[Date "2017.03.25"]
[Round "6"]
[White "Kolossi"]
[Black "FytinFrank"]
[Result "0-1"]
[ICCResult "White resigns"]
[WhiteElo "1606"]
[BlackElo "1835"]
[Opening "Queen's pawn"]
[ECO "A40"]
[NIC "QO.17"]
[Time "15:06:00"]
[TimeControl "180+0"]

1. d4 c6 2. c4 f5 3. Nc3 Nf6 4. e3 e6 5. Nf3 d5 6. Be2 Bd6 7. O-O O-O 8. a3
Nbd7 9. b4 Ne4 10. Bb2 Qf6 11. cxd5 exd5 12. b5 g5 13. bxc6 bxc6 14. Qa4 g4
15. Ne1 Nd2 16. g3 Nxf1 17. Bxf1 Bb7 18. Bg2 Nb6 19. Qc2 Nc4 20. Rb1 Ba6 21.
Nxd5 cxd5 22. Bxd5+ Kh8 23. Bxa8 Rxa8 24. d5 Nxb2 25. Qxb2 Rb8 26. Qa2 Rxb1
27. Qxb1 Qc3 28. Nc2 Bd3 29. Qa1 Qxa1+ 30. Nxa1 Bxa3 31. Nc2 Bxc2
{White resigns}
0-1

[Event "ICCopen2017"]
[Site "Internet Chess Club"]
[Date "2017.03.25"]
[Round "6"]
[White "Mandragora"]
[Black "Step2Me"]
[Result "0-1"]
[ICCResult "White resigns"]
[WhiteElo "1591"]
[BlackElo "1403"]
[Opening "Two knights defense (Modern bishop's opening)"]
[ECO "C55"]
[NIC "IG.01"]
[Time "15:05:34"]
[TimeControl "180+0"]

1. e4 e5 2. Nf3 Nc6 3. Bc4 Nf6 4. d3 Be7 5. O-O d6 6. h3 O-O 7. Be3 Be6 8.
Bb3 Qd7 9. Kh2 Kh8 10. Ng5 Bxb3 11. axb3 d5 12. exd5 Nxd5 13. Nc3 Nxe3 14.
fxe3 Bxg5 15. Qh5 Bf6 16. Ne4 Bd8 17. Rf3 f5 18. Ng5 Bxg5 19. Qxg5 Qe7 20.
Qh5 Qe6 21. Raf1 Qg6 22. Qh4 Rf7 23. Qc4 Raf8 24. g4 f4 25. exf4 exf4 26.
Rxf4 Qd6 27. Qxf7 Rxf7 28. Kg3 Rxf4 29. Rxf4 Kg8 30. Kf3 Nd4+ 31. Ke3 Nxc2+
32. Kd2 Nb4 33. Rc4 Qxd3+ {White resigns} 0-1

[Event "ICCopen2017"]
[Site "Internet Chess Club"]
[Date "2017.03.25"]
[Round "6"]
[White "anakinnn"]
[Black "bythebook"]
[Result "0-1"]
[ICCResult "White resigns"]
[WhiteElo "1250"]
[BlackElo "1527"]
[Opening "Caro-Kann: exchange variation"]
[ECO "B13"]
[NIC "CK.02"]
[Time "15:06:24"]
[TimeControl "180+0"]

1. e4 c6 2. d4 d5 3. exd5 cxd5 4. Nc3 Nf6 5. Nf3 g6 6. Bf4 Bg7 7. Qd2 h6 8.
h4 Nc6 9. Bd3 Bg4 10. Ne5 Be6 11. Nxc6 bxc6 12. O-O-O Qd7 13. f3 Nh5 14. g4
Nxf4 15. Qxf4 h5 16. gxh5 Bh6 {White resigns} 0-1

[Event "ICCopen2017"]
[Site "Internet Chess Club"]
[Date "2017.03.25"]
[Round "6"]
[White "ARMCOMPOSER"]
[Black "DroolingBaby"]
[Result "1-0"]
[ICCResult "Black resigns"]
[WhiteElo "2987"]
[BlackElo "2266"]
[Opening "KP: Nimzovich defense"]
[ECO "B00"]
[NIC "VO.05"]
[Time "15:06:25"]
[TimeControl "180+0"]

1. e4 Nc6 2. Nf3 d6 3. d4 Nf6 4. c3 Bg4 5. Nbd2 e5 6. Be2 Be7 7. h3 Bh5 8.
dxe5 dxe5 9. O-O O-O 10. Qc2 h6 11. Re1 Bc5 12. Nc4 Bg6 13. Bf1 Re8 14. b4
Bf8 15. b5 Nb8 16. Ncxe5 Bh7 17. Qb3 Qe7 18. Bc4 Nxe4 19. Bxf7+ Kh8 20. Bxe8
Qxe8 21. Nf7+ {Black resigns} 1-0

[Event "ICCopen2017"]
[Site "Internet Chess Club"]
[Date "2017.03.25"]
[Round "6"]
[White "checkum"]
[Black "parisian"]
[Result "0-1"]
[ICCResult "White resigns"]
[WhiteElo "1320"]
[BlackElo "1765"]
[Opening "Two knights defense (Modern bishop's opening)"]
[ECO "C55"]
[NIC "IG.01"]
[Time "15:06:10"]
[TimeControl "180+0"]

1. e4 e5 2. Nf3 Nc6 3. Bc4 Nf6 4. d3 Be7 5. h3 d5 6. exd5 Nxd5 7. Bxd5 Qxd5
8. Nc3 Qe6 9. Bg5 f6 10. Bh4 O-O 11. O-O b6 12. Re1 Rd8 13. Qe2 Bb7 14. Nd1
Qf7 15. Ne3 Re8 16. Nf5 Rad8 17. Bg3 Bf8 18. Nh2 g6 19. Qg4 Kh8 20. Ne3 f5
21. Qg5 Be7 22. Qh6 f4 23. Bh4 fxe3 24. Bxe7 exf2+ 25. Kh1 fxe1=Q+ 26. Rxe1
Rxe7 {White resigns} 0-1

[Event "ICCopen2017"]
[Site "Internet Chess Club"]
[Date "2017.03.25"]
[Round "6"]
[White "centralsquare"]
[Black "NUANCE"]
[Result "1-0"]
[ICCResult "Black checkmated"]
[WhiteElo "1442"]
[BlackElo "976"]
[Opening "QGD: Ragozin variation"]
[ECO "D38"]
[NIC "NI.27"]
[Time "15:06:14"]
[TimeControl "180+0"]

1. d4 e6 2. c4 d5 3. Nc3 Nf6 4. Nf3 Bb4 5. Bd2 O-O 6. e3 Bxc3 7. bxc3 Ne4 8.
Qc2 Nxd2 9. Nxd2 Nd7 10. Bd3 Nf6 11. cxd5 Qxd5 12. e4 Qg5 13. Nf3 Qf4 14.
O-O Ng4 15. e5 f5 16. Qb3 Qh6 17. h3 Nxf2 18. Rxf2 Qe3 19. Bc4 b6 20. Re1
Qf4 21. Bxe6+ Bxe6 22. Qxe6+ Kh8 23. Qc6 a5 24. d5 Rad8 25. Nd4 Qg5 26. Ne6
Qxg2+ 27. Rxg2 Rf6 28. exf6 Rd6 29. Qe8# {Black checkmated} 1-0

[Event "ICCopen2017"]
[Site "Internet Chess Club"]
[Date "2017.03.25"]
[Round "6"]
[White "octavia"]
[Black "waynerooney"]
[Result "1-0"]
[ICCResult "Black resigns"]
[WhiteElo "2250"]
[BlackElo "1966"]
[Opening "English opening"]
[ECO "A17"]
[NIC "EO.64"]
[Time "15:06:08"]
[TimeControl "180+0"]

1. c4 Nf6 2. Nc3 e6 3. Nf3 d5 4. e3 Be7 5. b3 O-O 6. Bb2 c5 7. cxd5 exd5 8.
d4 b6 9. Bd3 Nc6 10. O-O Bg4 11. h3 Bh5 12. Be2 Re8 13. Ne5 Nxe5 14. dxe5
Bxe2 15. Qxe2 Ne4 16. Nxe4 dxe4 17. Rad1 Qc7 18. Qg4 Qc6 19. e6 f6 20. Rd7
Rad8 21. Rfd1 Bd6 22. Bxf6 g6 23. Rxd8 {Black resigns} 1-0

[Event "ICCopen2017"]
[Site "Internet Chess Club"]
[Date "2017.03.25"]
[Round "6"]
[White "gladiator46"]
[Black "ResignAlready"]
[Result "0-1"]
[ICCResult "White resigns"]
[WhiteElo "1599"]
[BlackElo "1844"]
[Opening "Caro-Kann: advance variation"]
[ECO "B12"]
[NIC "CK.04"]
[Time "15:06:06"]
[TimeControl "180+0"]

1. e4 c6 2. d4 d5 3. e5 Bf5 4. Nf3 e6 5. c3 c5 6. Be3 Qb6 7. Qb3 Nc6 8. Bb5
h6 9. O-O a6 10. Ba4 Qxb3 11. Bxb3 c4 12. Ba4 b5 13. Bd1 Nge7 14. b4 Nc8 15.
a4 Nb6 16. axb5 axb5 17. Rxa8+ Nxa8 18. Nbd2 Nb6 19. Be2 Kd7 20. Ra1 Be7 21.
Nh4 Bh7 22. f4 Bxh4 23. g3 Bd3 24. Bxd3 cxd3 25. Kf2 Be7 26. Nb3 Ra8 27. Na5
Nxa5 28. bxa5 Nc4 29. a6 Kc6 30. h4 Kb6 {White resigns} 0-1